 Dungeon Crawl Stone Soup version 0.31-a0-233-g139696dc86 (webtiles) character file.

Game seed: 5490522793531366089

1198 Lorrdernie the Changer (level 8, 0/48 HPs)
             Began as an Octopode Transmuter on July 8, 2023.
             Slain by a gnoll sergeant
             ... wielding a +2 spear of freezing
              (11 damage)
             ... on level 9 of the Dungeon.
             The game lasted 00:22:21 (6215 turns).

Lorrdernie the Changer (Octopode Transmuter)        Turns: 6215, Time: 00:22:22

Health: 0/48       AC:  2    Str:  9    XL:     8   Next: 44%
Magic:  12/12      EV: 20    Int: 17    God:
Gold:   366        SH:  0    Dex: 18    Spells: 3/13 levels left

rFire   . .          .
                       - Unarmed
rCold   . . .        a - melded +1 buckler
rNeg    . . .        (helmet currently unavailable)
rPois   x            q - amulet of magic regeneration
rElec   .            i - ring of willpower
rCorr   .            (no ring)
SInv    .            (no ring)
Will    +....        (no ring)
Stlth   ++           (no ring)
HPRegen 0.28/turn    (no ring)
MPRegen 0.53/turn    (no ring)
                     (no ring)

%: no passive effects
@: about to teleport, spider-form, invisible
A: venomous fangs, almost no armour, (amphibious), 8 rings, tiny, (camouflage
1), (gelatinous body 1), (nimble swimmer 1), (tentacles)
a: End Transformation


You were on level 9 of the Dungeon.
You were a venomous arachnid creature.
You visited 2 branches of the dungeon, and saw 9 of its levels.

You collected 366 gold pieces.

Inventory:

Missiles
 g - a curare-tipped dart
Armour
 a - a +1 buckler (melded)
Jewellery
 i - a ring of willpower (left front pincers)
 q - an amulet of magic regeneration (around neck)
Scrolls
 d - a scroll of identify
 f - a scroll of amnesia
 m - a scroll of vulnerability
 n - a scroll of butterflies {unknown}
 p - a scroll of immolation {unknown}
 r - 4 scrolls of revelation
 u - a scroll of brand weapon {unknown}
Potions
 b - 4 potions of curing
 c - 3 potions of heal wounds
 e - 2 potions of berserk rage {unknown}
 j - 3 potions of resistance
 k - a potion of attraction
 o - a potion of magic
 t - a potion of brilliance {unknown}


   Skills:
 - Level 1.0 Fighting
 + Level 3.3 Dodging
 * Level 3.5 Shields
 + Level 5.1 Unarmed Combat
 - Level 3.0 Spellcasting
 * Level 6.1 Transmutations
 * Level 1.4 Ice Magic
 - Level 4.0 Poison Magic


You had 3 spell levels left.
You knew the following spells:

 Your Spells              Type           Power      Damage    Failure   Level
a - Beastly Appendage     Tmut           46%        N/A       6%          1
b - Wereblood             Tmut           23%        N/A       8%          2
c - Spider Form           Tmut/Pois      19%        N/A       17%         3
d - Ice Form              Ice/Tmut       15%        N/A       58%         4

Your spell library contained the following spells:

 Spells                   Type           Power      Damage    Failure   Level
 Cigotuvi's Dreadful Rot  Necr/Pois/Air  14%        N/A       34%         2
 Dispel Undead            Necr           2%         3d7       95%         4
 Eringya's Noxious Bog    Tmut/Pois      9%         4d6       99%         6
 Summon Forest            Summ/Tloc      1%         N/A       100%        5
 Death Channel            Necr           1%         N/A       100%        6
 Summon Hydra             Summ           1%         N/A       100%        7
 Chain Lightning          Conj/Air       1%         3d1       100%        9
 Fire Storm               Conj/Fire      1%         7d1       100%        9
 Shatter                  Erth           1%         3d5*      100%        9


Dungeon Overview and Level Annotations

Branches:
Dungeon (7/15)             Temple (1/1) D:5             Orc (0/2) D:9

Altars:
Ashenzari
Dithmenos
Elyvilon
Fedhas
Gozag
Hepliaklqana
Kikubaaqudgha
Makhleb
Nemelex Xobeh
Qazlal
Ru
Trog
Uskayaw
Vehumet
Wu Jian
Xom
Zin
The Shining One

Shops:
D:5 :

Portals:
Abyss: D:5

Annotations:
D:5 2 transporters, Brisketman's ghost, novice GnHs


Innate Abilities, Weirdness & Mutations

You are a venomous arachnid creature.
You have venomous fangs.
You are tiny and dextrous.
Your spellcasting is less reliable in this form.
Your armour is entirely melded.
You are incapable of wielding weapons or throwing items.
You cannot wear most types of armour.
((You are amphibious.))
You can wear up to eight rings at the same time.
((Your skin changes colour to match your surroundings (Stealth+).))
((Your rubbery body absorbs attacks. (AC +1, EV +1)))
((You are camouflaged when in or above water. (Stealth+)))
((You have tentacles for arms and can constrict up to eight enemies at once.))


Message History

The gnoll sergeant barely misses you.
Casting: Spider Form (dangerous; 10% risk of failure)
Confirm with . or Enter, or press ? or * to list all spells.
You turn into a venomous arachnid creature.
Your +1 buckler melds into your body.
The orc shouts!
The gnoll sergeant hits you from afar with a +2 spear of freezing.
The gnoll sergeant freezes you.
You hit the orc but do no damage.
The orc is poisoned.
The gnoll sergeant hits you with a +2 spear of freezing!
The gnoll sergeant freezes you. The orc misses you.
The orc shouts!
You hit the gnoll sergeant.
The gnoll sergeant is lightly wounded.
The orc shouts!
The gnoll misses you. The gnoll sergeant closely misses you.
Unknown command.
You catch the helpless gnoll sergeant completely off-guard!
You hit the gnoll sergeant but do no damage.
The gnoll sergeant is lightly wounded.
The gnoll sergeant barely misses you. The orc closely misses you.
The gnoll misses you.
You hit the gnoll sergeant.
The gnoll sergeant is moderately wounded.
You kill the orc!
The gnoll barely misses you.
The gnoll sergeant hits you with a +2 spear of freezing!
* * * LOW HITPOINT WARNING * * *
The gnoll sergeant freezes you.
* * * LOW HITPOINT WARNING * * *
Unknown command.
The kobold brigand throws a poisoned dart.
The poisoned dart closely misses the gnoll.
The poisoned dart hits the ogre!
The ogre is poisoned.
Unknown command.
Okay, then.
As you read the scroll of teleportation, it crumbles to dust.
You feel strangely unstable.
The gnoll sergeant hits you from afar with a +2 spear of freezing!
You die...

### ...
+...#.# #####
#...#.#8OTo8#
#...#.#gOo.K#
#...#.ggKooo#
#...#O#goK..#
#...#s# o.o8#
#...#.#######
#..........#
####'#######
## #..# .#
##.#
###.##### #.#
#........ #.#
#........
#####'####
#........


You could see 2 ogres, a gnoll sergeant (unable to see you) and a gnoll (unable
to see you).

Vanquished Creatures
  An orc warrior (D:6)
  3 centaurs
  An ogre (D:4)
  A phantom (D:6)
  A kobold brigand (D:9)
  A scorpion (D:5)
  4 orc priests
  A jelly (D:6)
  3 hounds
  A sleepcap (D:6)
  2 iguanas (D:5)
  3 orc wizards (D:6)
  3 gnolls (D:5)
  3 adders
  A white imp (D:6)
  2 ufetubi
  A dart slug (D:4)
  18 orcs
  5 bats
  9 endoplasms
  4 giant cockroaches
  6 goblins
  4 hobgoblins
  6 jackals
  11 kobolds
  3 quokkas
  8 ball pythons
  3 frilled lizards (D:1)
  8 rats
117 creatures vanquished.

Vanquished Creatures (others)
  An orc (D:6)
1 creature vanquished.

Grand Total: 118 creatures vanquished

Notes
Turn   | Place    | Note
-------+----------+-------------------------------------------
     0 | D:1      | Lorrdernie the Octopode Transmuter began the quest for the
                  | Orb.
     0 | D:1      | Reached XP level 1. HP: 13/13 MP: 3/3
   353 | D:1      | Reached XP level 2. HP: 18/18 MP: 3/5
   383 | D:1      | Learned a level 2 spell: Wereblood
   638 | D:1      | Reached XP level 3. HP: 23/23 MP: 3/6
   642 | D:1      | Learned a level 3 spell: Spider Form
   664 | D:1      | Found a faded altar of an unknown god.
  1451 | D:2      | Reached skill level 3 in Transmutations
  1890 | D:3      | Reached XP level 4. HP: 8/28 MP: 7/7
  2027 | D:3      | Reached skill level 1 in Poison Magic
  2279 | D:3      | Found a hide-covered altar of Uskayaw.
  2612 | D:3      | Found a blossoming altar of Fedhas.
  2824 | D:4      | Noticed an ogre
  2835 | D:4      | Killed an ogre
  2836 | D:4      | Reached XP level 5. HP: 4/33 MP: 4/9
  2972 | D:4      | Found a broken altar of Ashenzari.
  3191 | D:4      | Reached skill level 1 in Shields
  3223 | D:4      | Reached skill level 4 in Transmutations
  3223 | D:4      | Reached XP level 6. HP: 38/38 MP: 6/10
  3233 | D:4      | Learned a level 4 spell: Ice Form
  3581 | D:5      | Entered Level 5 of the Dungeon
  3581 | D:5      | Found a staircase to the Ecumenical Temple.
  3695 | Temple   | Entered the Ecumenical Temple
  3959 | D:5      | Found a transporter.
  3967 | D:5      | Noticed a small abomination
  3979 | D:5      | Found a one-way gate to the infinite horrors of the Abyss.
  3987 | D:5      | Found a transporter.
  3991 | D:5      | Noticed Brisketman's ghost (novice GnHs)
  4007 | D:5      | Found Sewil's Book Boutique.
  4560 | D:5      | Found a sacrificial altar of Ru.
  4635 | D:6      | Reached XP level 7. HP: 43/43 MP: 9/11
  4651 | D:6      | Found a hazy altar of Hepliaklqana.
  4689 | D:6      | Reached skill level 5 in Transmutations
  5066 | D:6      | Found a bloodstained altar of Trog.
  5246 | D:6      | Found a radiant altar of Vehumet.
  5284 | D:6      | Reached XP level 8. HP: 45/48 MP: 12/12
  5346 | D:6      | Found a shimmering altar of Xom.
  5347 | D:6      | Found a shimmering altar of Xom.
  5347 | D:6      | Found a shimmering altar of Xom.
  5348 | D:6      | Found a shimmering altar of Xom.
  5348 | D:6      | Found a shimmering altar of Xom.
  5348 | D:6      | Found a shimmering altar of Xom.
  5356 | D:6      | Found a shimmering altar of Xom.
  5356 | D:6      | Found a shimmering altar of Xom.
  5957 | D:7      | Reached skill level 5 in Unarmed Combat
  5957 | D:7      | Reached skill level 6 in Transmutations
  6018 | D:7      | You fall into a shaft and drop 2 floors!
  6052 | D:9      | Reached skill level 1 in Ice Magic
  6202 | D:9      | Found a staircase to the Orcish Mines.
  6202 | D:9      | Noticed a troll
  6215 | D:9      | Slain by a gnoll sergeant

Illustrated notes

Levels and vault maps discovered:
D:1:      denvon_arrival_waterhouse, layout_loops_corners,
          shapermc_ecumenical_altar_mp_ritualfount
D:2:      layout_loops_cross
D:3:      layout_basic, eat_drink_and_be_merry_uskayaw,
          lemuel_coloured_pillars_altar, serial_bayou_pond_b, st_stairs_8,
          minmay_misc_feat_doors
D:4:      cheibrodos_pilgrimage, layout_loops_ring, kennysheep_little_box
D:5:      layout_loops_ring, mainiacjoe_overflow_surrounded_room,
          temple_fountains, gammafunk_ghost_abyssal_escape, serial_shops, shop
D:6:      layout_cave_pools, xom_redecorated, amcnicky_altar_gilded,
          nicolae_hepliaklqana_hazy_memory, mainiacjoe_overflow_boulevard,
          hangedman_decor_clover_reticule
D:7:      layout_loops_ring, uniq_prince_ribbit1
D:9:      layout_roguey, mainiacjoe_overflow_catwalk,
          kennysheep_orc_monster_closet_entryway, ebering_ghost_funeral_grove,
          billiards_dpeg, uniq_maurice
Temple:   hellmonk_temple_micro_hex

Skill      XL: |  1  2  3  4  5  6  7  8 |
---------------+-------------------------+-----
Transmutations | 3 4 5 6 |  6.1
Poison Magic   | 1 2 3 4 |  4.0
Shields        | 1 2 3 |  3.5
Unarmed Combat | 4 5 |  5.1
Spellcasting   | 3 |  3.0
Dodging        | 3 |  3.3
Ice Magic      | 1 |  1.4
Fighting       | |  1.0

Action                     |  1- 3 |  4- 6 |  7- 9 || total
---------------------------+-------+-------+-------++-------
  Melee: Unarmed           |    84 |   105 |   118 ||   307
         Kick              |    23 |    17 |       ||    40
         Constrict         |    20 |    17 |     1 ||    38
         Tentacles         |     6 |     7 |     1 ||    14
         Punch             |     2 |     3 |       ||     5
   Cast: Beastly Appendage |    30 |    19 |     1 ||    50
         Wereblood         |     3 |     5 |     4 ||    12
         Spider Form       |       |    10 |    17 ||    27
    Use: Potion            |     2 |       |     2 ||     4
         Scroll            |       |     6 |     7 ||    13
   Stab: Sleeping          |     7 |     6 |       ||    13
         Distracted        |     1 |       |       ||     1
         Invisible         |       |       |     1 ||     1
 Armour: Skin              |     9 |     7 |     8 ||    24
  Dodge: Dodged            |    60 |    52 |   112 ||   224
  Block: Buckler           |       |     6 |     4 ||    10

Table legend: (Time is in decaauts)
 A = Elapsed time spent in this place.
 B = Non-inter-level travel time spent in this place.
 C = Inter-level travel time spent in this place.
 D = Time resting spent in this place.
 E = Time spent auto-exploring this place.
 F = Levels seen in this place.
 G = Mean time per level.
                   A        B        C        D        E       F      G
               +--------+--------+--------+--------+--------+-----+--------+
         Total |   6195 |   6039 |    156 |   1185 |   3772 |   9 |  688.3 |
       Dungeon |   6166 |   6010 |    156 |   1172 |   3772 |   8 |  770.8 |
        Temple |     28 |     28 |      0 |     13 |      0 |   1 |   28.0 |
               +--------+--------+--------+--------+--------+-----+--------+

Top non-repeatable levels by time:
     D:1: 1218 daAuts
     D:6: 944 daAuts
     D:5: 937 daAuts
     D:4: 918 daAuts
     D:3: 867 daAuts
     D:2: 641 daAuts
     D:7: 444 daAuts
     D:9: 195 daAuts
  Temple: 28 daAuts
